 Seeded DCSS version 0.31-a0-609-g7bf6ffcfed (webtiles) character file.

Game seed: 16161720884980326079 (custom seed)

420 innerfire43 the Changeling (level 7, -2/47 HPs)
             Began as a Djinni Shapeshifter on Aug 17, 2023.
             Was a Believer of Okawaru.
             Slain by a human zombie (5 damage)
             ... in an ossuary on Aug 21, 2023.
             The game lasted 00:06:25 (2913 turns).

innerfire43 the Changeling (Djinni Shapeshifter)    Turns: 2913, Time: 00:06:27

Health: -2/47      AC:  4    Str: 16    XL:     7   Next: 16%
Gold:   80         EV: 12    Int: 10    God:    Okawaru [**....] SH:  0 Dex: 13

rFire   + +          .
                       - Unarmed
rCold   x . .        (shield currently unavailable)
rNeg    . . .        a - +0 animal skin
rPois   ∞            (no helmet)
rElec   .            b - +1 cloak
rCorr   .            (no gloves)
SInv    .            (boots unavailable)
Will    .....        j - amulet of faith
Stlth   +            (no ring)
HPRegen 0.27/turn    (no ring)
MPRegen 0.00/turn

%: faith, infuse magic (-3 HP)
@: flux-form, flying, glowing
A: glow, contaminating, flying, sickness immunity, fire resistance 2, cold
vulnerability 1, float, innate caster, HP casting, extra vitality 1
a: Begin Untransformation, Renounce Religion, Heroism


You were in an ossuary.
You worshipped Okawaru.
Okawaru was pleased with you.
You were something dangerously unstable.
You visited 1 branch of the dungeon, and saw 4 of its levels.
You also visited: Ossuary.

You collected 197 gold pieces.
You spent 117 gold pieces at shops.

Inventory:

Missiles
 l - a throwing net
Armour
 a - a +0 animal skin (worn)
 b - a +1 cloak (worn)
Jewellery
 j - an amulet of faith (around neck)
Talismans
 c - a beast talisman
 d - a flux talisman (active)
Wands
 h - a wand of flame (18)
 q - a wand of iceblast (4)
Scrolls
 e - a scroll of brand weapon {unknown}
 f - a scroll of fog {unknown}
 g - 2 scrolls of silence {unknown}
 m - a scroll of poison {unknown}
 n - a scroll of identify {unknown}
 p - a scroll of immolation {unknown}
Potions
 i - a potion of ambrosia {unknown}
 k - a potion of attraction {unknown}


   Skills:
 - Level 1.0 Fighting
 - Level 2.1 Dodging
 - Level 3.0 Unarmed Combat
 * Level 6.0 Shapeshifting


You knew the following spells:

 Your Spells              Type           Power      Damage    Failure   Level
a - Magic Dart            Conj           0%         1d3       36%         1
b - Searing Ray           Conj           0%         2d4       50%         2
c - Momentum Strike       Conj/Tloc      0%         3d8       50%         2
Your spell library was empty.

Dungeon Overview and Level Annotations

Branches:
Dungeon (4/15)            Ossuary (1/1)
 Temple: D:4-7

Altars:
Okawaru

Shops:
D:4 !


Innate Abilities, Weirdness & Mutations

You are something dangerously unstable.
You glow with magical radiation, making you easy to see and hit.
Foes you strike become dangerously contaminated with magical radiation.
You are flying.
You are incapable of wielding weapons or throwing items.
You are immune to sickness and miasma.
You are immune to poison.
Your flesh is very heat resistant. (rF++)
You are vulnerable to cold. (rC-)
You float through the air rather than walking.
You learn spells naturally, not from books.
Your magical power is your life essence.
You have superior vitality. (+4 MHP)


Message History

The rat zombie bites you but does no damage.
The goblin zombie hits you but does no damage.
The hobgoblin zombie barely misses you. The rat zombie misses you.
You hit the hobgoblin zombie.
The hobgoblin zombie begins to glow.
The hobgoblin zombie is moderately damaged.
The goblin zombie closely misses you.
The rat zombie bites you but does no damage.
The goblin zombie closely misses you.
The hobgoblin zombie closely misses you.
Unknown command.
You completely miss the hobgoblin zombie.
The hobgoblin zombie is moderately damaged.
The rat zombie bites you but does no damage.
The goblin zombie hits you but does no damage.
The human zombie hits you but does no damage.
The rat zombie bites you.
* * * LOW HITPOINT WARNING * * *
You hit the hobgoblin zombie.
The hobgoblin zombie glows dangerously bright.
The hobgoblin zombie is heavily damaged.
The goblin zombie hits you but does no damage.
The hobgoblin zombie hits you but does no damage.
The rat zombie misses you.
The goblin zombie hits you but does no damage.
The human zombie hits you.
* * * LOW HITPOINT WARNING * * *
You completely miss the hobgoblin zombie.
The hobgoblin zombie is heavily damaged.
The rat zombie bites you.
* * * LOW HITPOINT WARNING * * *
The goblin zombie barely misses you.
The hobgoblin zombie hits you but does no damage.
The rat zombie bites you but does no damage.
You hit the hobgoblin zombie but do no damage.
The hobgoblin zombie shudders as magic cascades through it!!
You destroy the hobgoblin zombie!
Okawaru accepts your kill.
The goblin zombie hits you but does no damage.
The human zombie hits you.
You die...

....#####.......
.................
.................
...............#
...............##
.................
........Z.Z......
........ZB.......
.......∩Z.Z......
.......∩.........
.................
.................
.................
...............##
...............#
...............


You could see 2 rat zombies, 2 goblin zombies and a human zombie.

Vanquished Creatures
  2 elf zombies (Ossuary)
  Crazy Yiuf (D:2)
  Jessica (D:2)
  An iguana (D:4)
  Terence (D:2)
  A sleepcap (D:4)
  Robin (D:2)
  3 adders (D:2)
  2 ufetubi (D:4)
  3 worms (D:2)
  2 dart slugs
  9 orcs
  A bat (D:3)
  3 endoplasms
  2 giant cockroaches
  18 goblins
  10 hobgoblins
  4 jackals (D:4)
  8 kobolds
  2 quokkas
  4 ball pythons
  3 frilled lizards
  A gnoll zombie (Ossuary)
  4 hobgoblin zombies (Ossuary)
  3 rats
90 creatures vanquished.

Notes
Turn   | Place    | Note
-------+----------+-------------------------------------------
     0 | D:1      | innerfire43 the Djinni Shapeshifter began the quest for the
                  | Orb.
     0 | D:1      | Reached XP level 1. HP: 17/17 MP: 0/0
   117 | D:1      | Found a faded altar of an unknown god.
   129 | D:1      | Reached skill level 3 in Shapeshifting
   129 | D:1      | Reached XP level 2. HP: 22/22 MP: 0/0
   129 | D:1      | Prayed at the altar of an unknown god.
   129 | D:1      | Became a worshipper of Warmaster Okawaru
   129 | D:1      | Reached * piety under Okawaru
   257 | D:1      | Upgraded the game from 0.31-a0-564-g3b7de120b3 to
                  | 0.31-a0-596-g831eee08f1
   259 | D:1      | Upgraded the game from 0.31-a0-596-g831eee08f1 to
                  | 0.31-a0-609-g7bf6ffcfed
   569 | D:2      | Noticed Terence
   617 | D:2      | Killed Terence
   618 | D:2      | Reached XP level 3. HP: 25/27 MP: 0/0
   618 | D:2      | Learned a level 1 spell: Magic Dart
   733 | D:2      | Reached XP level 4. HP: 32/32 MP: 0/0
   752 | D:2      | Found a runed translucent door.
   753 | D:2      | Noticed Crazy Yiuf
   791 | D:2      | Reached skill level 4 in Shapeshifting
   993 | D:2      | Identified the +2 helmet of the Scribe {Rampage +Inv Dex-5
                  | SInv}
   993 | D:2      | Noticed Robin
  1015 | D:2      | Killed Robin
  1016 | D:2      | Reached XP level 5. HP: 37/37 MP: 0/0
  1016 | D:2      | Learned a level 2 spell: Searing Ray
  1123 | D:2      | Noticed Jessica
  1130 | D:2      | Killed Jessica
  1321 | D:2      | Killed Crazy Yiuf
  1321 | D:2      | Reached ** piety under Okawaru
  1680 | D:3      | Reached XP level 6. HP: 18/42 MP: 0/0
  1863 | D:3      | Reached skill level 5 in Shapeshifting
  1962 | D:3      | Identified the +5 dagger "Apnemo" {flame, *Rage Fly rC+++
                  | Dex-4}
  2269 | D:4      | Found Quem's Distillery.
  2274 | D:4      | Bought a potion of curing for 39 gold pieces
  2274 | D:4      | Bought a potion of curing for 39 gold pieces
  2274 | D:4      | Bought a potion of curing for 39 gold pieces
  2766 | D:4      | Found a sand-covered staircase.
  2864 | Ossuary  | Entered an ossuary
  2895 | Ossuary  | Reached XP level 7. HP: 13/47 MP: 0/0
  2895 | Ossuary  | Learned a level 2 spell: Momentum Strike
  2902 | Ossuary  | Reached skill level 6 in Shapeshifting
  2913 | Ossuary  | Slain by a human zombie

Illustrated notes

Levels and vault maps discovered:
D:1:      nzn_arrival_settlement, layout_rooms,
          shapermc_ecumenical_altar_starsandcircs
D:2:      layout_basic, feat_on_display, uniq_jessica, uniq_robin,
          uniq_crazy_yiuf_cottage, uniq_terence
D:3:      layout_rooms, interstate_on_off, guppyfry_early_orc_mine
D:4:      layout_cave_pods, gammafunk_temple_overflow_wave, enter_ossuary_1,
          serial_shops, kennysheep_little_box
Ossuary:  ossuary_minmay_tomb_2a

Skill      XL: |  1  2  3  4  5  6  7 |
---------------+----------------------+-----
Shapeshifting  | 3 4 5 6 |  6.0
Fighting       | |  1.0
Dodging        | |  2.1
Unarmed Combat | |  3.0

Action                     |  1- 3 |  4- 6 |  7- 9 || total
---------------------------+-------+-------+-------++-------
  Melee: Unarmed           |    71 |   260 |    19 ||   350
         Punch             |     2 |     3 |       ||     5
 Invoke: Heroism           |       |     1 |       ||     1
    Use: Potion            |     1 |     6 |       ||     7
   Stab: Sleeping          |     1 |     1 |       ||     2
 Armour: Animal skin       |    10 |    97 |    39 ||   146
         Skin              |       |    13 |       ||    13
  Dodge: Dodged            |    50 |   245 |    38 ||   333
   Form: Flux              |       |     1 |       ||     1

Table legend: (Time is in decaauts)
 A = Elapsed time spent in this place.
 B = Non-inter-level travel time spent in this place.
 C = Inter-level travel time spent in this place.
 D = Time resting spent in this place.
 E = Time spent auto-exploring this place.
 F = Levels seen in this place.
 G = Mean time per level.
                   A        B        C        D        E       F      G
               +--------+--------+--------+--------+--------+-----+--------+
         Total |   2875 |   2787 |     88 |      0 |   2118 |   5 |  575.0 |
       Dungeon |   2829 |   2741 |     88 |      0 |   2118 |   4 |  707.2 |
       Ossuary |     46 |     46 |      0 |      0 |      0 |   1 |   46.0 |
               +--------+--------+--------+--------+--------+-----+--------+

Top non-repeatable levels by time:
     D:2: 923 daAuts
     D:3: 802 daAuts
     D:4: 615 daAuts
     D:1: 488 daAuts
 Ossuary: 46 daAuts
